CAL (WIN)
FORT MYERS MIRACLE @ RICHMOND FLYING SQUIRRELS
12/05/2048
 
TOP OF THE 1ST
Fort Myers Miracle batting - Pitching for Richmond Flying Squirrels : LHP Hector Jimenez
Pitching: LHP Hector Jimenez
Batting: RHB Fhil Mikrakin 0-0: Ball
1-0: Ball
2-0: SINGLE (Line Drive, 7S, EV 95.6 MPH)
Batting: RHB Settan Nakamura 0-0: Ball
1-0: Swinging Strike
1-1: Ball
2-1: Foul Ball, location: 2F
2-2: Ball
3-2: Ground out 4-3 (Groundball, 13, EV 82.5 MPH)
Fhil Mikrakin to second
Batting: LHB Tomas Espino 0-0: Ball
Fhil Mikrakin steals 3rd base
1-0: Ball
2-0: Called Strike
2-1: Foul Ball, location: 2F
2-2: Strikes out swinging
Batting: RHB Terry Oetker 0-0: Ground out U3 (Groundball, 34S, EV 93.1 MPH)
Top of the 1st over - 0 runs, 1 hit, 0 errors, 1 left on base; Fort Myers 0 - Richmond 0
BOTTOM OF THE 1ST
Richmond Flying Squirrels batting - Pitching for Fort Myers Miracle : LHP Bryce Alexander
Pitching: LHP Bryce Alexander
Batting: RHB Gary Sampson 0-0: Ball
1-0: Ball
2-0: Ball
3-0: Called Strike
3-1: Base on Balls
Batting: LHB Jay Fenderson 0-0: Ball
Gary Sampson steals 2nd base
1-0: Ball
2-0: Ground out 6-3 (Groundball, 56, EV 87.5 MPH)
Batting: RHB Antonio Lara 0-0: Called Strike
0-1: Ball
1-1: Ball
2-1: Foul Ball, location: 2F
2-2: Fly out, F7 (Flyball, 7LD, EV 101.9 MPH)
Batting: SHB Jason Anaya 0-0: Ground out 6-3 (Groundball, 6M, EV 85.0 MPH)
Bottom of the 1st over - 0 runs, 0 hits, 0 errors, 1 left on base; Fort Myers 0 - Richmond 0
TOP OF THE 2ND
Fort Myers Miracle batting - Pitching for Richmond Flying Squirrels : LHP Hector Jimenez
Batting: RHB Nestor Moreno 0-0: Foul Ball, location: 2F
0-1: Ball
1-1: Fly out, F8 (Flyball, 8RM, EV 79.4 MPH)
Batting: RHB Mike Berzins 0-0: Foul Ball, location: 2F
0-1: Ground out 5-3 (Groundball, 5, EV 86.2 MPH)
Batting: RHB Hisao Takei 0-0: Ball
1-0: Swinging Strike
1-1: Called Strike
1-2: Foul Ball, location: 2F
1-2: Foul Ball, location: 2F
1-2: Ground out 6-3 (Groundball, 6, EV 91.9 MPH)
Top of the 2nd over - 0 runs, 0 hits, 0 errors, 0 left on base; Fort Myers 0 - Richmond 0
BOTTOM OF THE 2ND
Richmond Flying Squirrels batting - Pitching for Fort Myers Miracle : LHP Bryce Alexander
Batting: RHB Jason Gregor 0-0: Called Strike
0-1: Swinging Strike
0-2: Foul Ball, location: 2F
0-2: Ball
1-2: Ball
2-2: Ground out 6-3 (Groundball, 6, EV 85.0 MPH)
Batting: LHB John Luke 0-0: Ground out 4-3 (Groundball, 4D, EV 100.0 MPH)
Batting: SHB Louie Horne 0-0: Ground out 4-3 (Groundball, 4, EV 103.1 MPH)
Bottom of the 2nd over - 0 runs, 0 hits, 0 errors, 0 left on base; Fort Myers 0 - Richmond 0
TOP OF THE 3RD
Fort Myers Miracle batting - Pitching for Richmond Flying Squirrels : LHP Hector Jimenez
Batting: RHB Calvin Day 0-0: Ball
1-0: Foul Ball, location: 2F
1-1: Called Strike
1-2: DOUBLE (Flyball, 8RD, EV 101.9 MPH)
Batting: RHB Ned Scovell 0-0: Called Strike
0-1: Swinging Strike
0-2: Ball
1-2: Foul Ball, location: 2F
1-2: Ball
2-2: Foul Ball, location: 2F
2-2: Strikes out swinging
Batting: RHB Fhil Mikrakin 0-0: Called Strike
0-1: DOUBLE (Groundball, 5L, EV 95.0 MPH)
Calvin Day scores
Batting: RHB Settan Nakamura 0-0: SINGLE (Flyball, 7LS, EV 84.4 MPH)
Fhil Mikrakin to third
Runner from 3rd tries for Home, SAFE, throw by LF to home
Batting: LHB Tomas Espino 0-0: Ball
1-0: Called Strike
Settan Nakamura is caught stealing 2nd base 2-6
1-1: Swinging Strike
1-2: Foul Ball, location: 2F
1-2: Ball
2-2: SINGLE (Groundball, 4M, EV 101.2 MPH) (infield hit)
Batting: RHB Terry Oetker 0-0: Foul Ball, location: 2F
0-1: Ball
1-1: SINGLE (Line Drive, 89M, EV 93.8 MPH)
Tomas Espino to second
Runner from 2nd tries for 3rd, SAFE, throw by CF made to third
Batting: RHB Nestor Moreno 0-0: Ball
1-0: Swinging Strike
1-1: Foul Ball, location: 2F
1-2: Foul Ball, location: 2F
1-2: Foul Ball, location: 2F
1-2: Fly out, F9 (Flyball, 9, EV 88.8 MPH)
Top of the 3rd over - 2 runs, 5 hits, 0 errors, 2 left on base; Fort Myers 2 - Richmond 0
BOTTOM OF THE 3RD
Richmond Flying Squirrels batting - Pitching for Fort Myers Miracle : LHP Bryce Alexander
Batting: RHB Allen Gravel 0-0: Ball
1-0: Ground out 6-3 (Groundball, 56, EV 87.5 MPH)
Batting: RHB Joe Myers 0-0: Called Strike
0-1: Ball
1-1: Ground out 6-3 (Groundball, 6, EV 103.8 MPH)
Batting: RHB Gary Sampson 0-0: Called Strike
0-1: Ball
1-1: Swinging Strike
1-2: Ground out U3 (Groundball, 34, EV 88.1 MPH)
Bottom of the 3rd over - 0 runs, 0 hits, 0 errors, 0 left on base; Fort Myers 2 - Richmond 0
TOP OF THE 4TH
Fort Myers Miracle batting - Pitching for Richmond Flying Squirrels : LHP Hector Jimenez
Batting: RHB Mike Berzins 0-0: Ball
1-0: Ground out 4-3 (Groundball, 4, EV 83.8 MPH)
Batting: RHB Hisao Takei 0-0: Ball
1-0: Ball
2-0: SINGLE (Line Drive, 34D, EV 99.4 MPH)
Batting: RHB Calvin Day 0-0: Fly out, F9 (Line Drive, 9, EV 103.1 MPH)
Batting: RHB Ned Scovell 0-0: Ball
1-0: Called Strike
1-1: Ball
Wild Pitch!
Hisao Takei to second
2-1: Ball
Passed Ball!
Hisao Takei to third
3-1: Swinging Strike
3-2: SINGLE (Line Drive, 7S, EV 100.6 MPH)
Hisao Takei scores
Batting: RHB Fhil Mikrakin 0-0: Ball
1-0: Called Strike
1-1: Swinging Strike
1-2: Ball
2-2: SINGLE (Line Drive, 34D, EV 99.4 MPH)
Ned Scovell to second
Runner from 2nd tries for 3rd, SAFE, throw by RF made to third
Batting: RHB Settan Nakamura 0-0: Called Strike
0-1: Foul Ball, location: 2F
0-2: SINGLE (Groundball, 4D, EV 94.4 MPH)
Ned Scovell scores
Fhil Mikrakin to second
Runner from 2nd tries for 3rd, SAFE, throw by CF made to third
Settan Nakamura to second
Batting: LHB Tomas Espino 0-0: Called Strike
0-1: Ball
1-1: Ground out U3 (Groundball, 3, EV 84.4 MPH)
Top of the 4th over - 2 runs, 4 hits, 0 errors, 2 left on base; Fort Myers 4 - Richmond 0
BOTTOM OF THE 4TH
Richmond Flying Squirrels batting - Pitching for Fort Myers Miracle : LHP Bryce Alexander
Batting: LHB Jay Fenderson 0-0: Ball
1-0: Ball
2-0: Called Strike
2-1: Foul Ball, location: 2F
2-2: Foul Ball, location: 2F
2-2: Ground out 6-3 (Groundball, 6S, EV 80.0 MPH)
Batting: RHB Antonio Lara 0-0: Foul Ball, location: 2F
0-1: Ball
1-1: Ball
2-1: Ball
3-1: Base on Balls
Batting: SHB Jason Anaya 0-0: Ball
1-0: Fly out, F9 (Flyball, 89D, EV 98.8 MPH)
Batting: RHB Jason Gregor 0-0: Called Strike
0-1: Ball
1-1: Foul Ball, location: 2F
1-2: SINGLE (Groundball, 34D, EV 106.2 MPH)
Antonio Lara to second
Runner from 2nd tries for 3rd, SAFE, throw by RF made to third
Batting: LHB John Luke 0-0: Foul Ball, location: 2F
0-1: Ground out 4-3 (Groundball, 4, EV 84.4 MPH)
Bottom of the 4th over - 0 runs, 1 hit, 0 errors, 2 left on base; Fort Myers 4 - Richmond 0
TOP OF THE 5TH
Fort Myers Miracle batting - Pitching for Richmond Flying Squirrels : LHP Hector Jimenez
Batting: RHB Terry Oetker 0-0: Ball
1-0: Called Strike
1-1: Ball
2-1: Ball
3-1: Ground out 4-3 (Groundball, 4, EV 103.8 MPH)
Batting: RHB Nestor Moreno 0-0: Called Strike
0-1: Ground out 5-3 (Groundball, 56, EV 85.6 MPH)
Batting: RHB Mike Berzins 0-0: Called Strike
0-1: Swinging Strike
0-2: Ball
1-2: Strikes out looking
Top of the 5th over - 0 runs, 0 hits, 0 errors, 0 left on base; Fort Myers 4 - Richmond 0
BOTTOM OF THE 5TH
Richmond Flying Squirrels batting - Pitching for Fort Myers Miracle : LHP Bryce Alexander
Batting: SHB Louie Horne 0-0: Ball
1-0: Ball
2-0: Foul Ball, location: 2F
2-1: Ball
3-1: Fly out, F8 (Flyball, 8RM, EV 87.5 MPH)
Batting: RHB Allen Gravel 0-0: Ball
1-0: Ball
2-0: Ball
3-0: Called Strike
3-1: Base on Balls
Batting: RHB Joe Myers 0-0: Foul Ball, location: 2F
0-1: Ball
1-1: Swinging Strike
1-2: Foul Ball, location: 2F
1-2: Ball
2-2: Ball
3-2: Grounds into double play, 5-4-3 (Groundball, 5S, EV 85.6 MPH)
Bottom of the 5th over - 0 runs, 0 hits, 0 errors, 0 left on base; Fort Myers 4 - Richmond 0
TOP OF THE 6TH
Fort Myers Miracle batting - Pitching for Richmond Flying Squirrels : LHP Hector Jimenez
Batting: RHB Hisao Takei 0-0: Called Strike
0-1: Ground out 6-3 (Groundball, 6, EV 106.9 MPH)
Pitching: RHP Javy Arias
Batting: RHB Calvin Day 0-0: Ball
1-0: Foul Ball, location: 2F
1-1: Ball
2-1: Hit by Pitch
Batting: RHB Ned Scovell 0-0: Ball
1-0: Called Strike
1-1: Foul Ball, location: 2F
1-2: Strikes out swinging
Batting: RHB Fhil Mikrakin 0-0: Ball
1-0: Ground out 4-3 (Groundball, 4S, EV 63.8 MPH)
Top of the 6th over - 0 runs, 0 hits, 0 errors, 1 left on base; Fort Myers 4 - Richmond 0
BOTTOM OF THE 6TH
Richmond Flying Squirrels batting - Pitching for Fort Myers Miracle : LHP Bryce Alexander
Batting: RHB Gary Sampson 0-0: TRIPLE (Flyball, 78XD, EV 100.0 MPH)
Batting: LHB Jay Fenderson 0-0: Ball
1-0: Foul Ball, location: 2F
1-1: Called Strike
1-2: Ground out 5-3 (Groundball, 56, EV 108.1 MPH)
Gary Sampson scores
Batting: RHB Antonio Lara 0-0: Foul Ball, location: 2F
0-1: Ball
1-1: Foul Ball, location: 2F
1-2: Ball
2-2: Fly out, F9 (Line Drive, 89M, EV 103.8 MPH)
Batting: SHB Jason Anaya 0-0: Ball
1-0: Ball
2-0: Ball
3-0: Called Strike
3-1: Base on Balls
Batting: RHB Jason Gregor 0-0: Ball
1-0: Ball
2-0: Fly out, F9 (Flyball, 9S, EV 92.5 MPH)
Bottom of the 6th over - 1 run, 1 hit, 0 errors, 1 left on base; Fort Myers 4 - Richmond 1
TOP OF THE 7TH
Fort Myers Miracle batting - Pitching for Richmond Flying Squirrels : RHP Javy Arias
Batting: RHB Settan Nakamura 0-0: Called Strike
0-1: Swinging Strike
0-2: Ball
1-2: Ball
2-2: Ball
3-2: Base on Balls
Batting: LHB Tomas Espino 0-0: Called Strike
0-1: Swinging Strike
0-2: SINGLE (Line Drive, 8RS, EV 105.0 MPH)
Settan Nakamura to second
Batting: RHB Terry Oetker 0-0: Ball
1-0: Grounds into double play, 4-6-3 (Groundball, 4M, EV 79.4 MPH)
Settan Nakamura to third
Batting: RHB Nestor Moreno 0-0: Swinging Strike
0-1: Called Strike
0-2: Ball
1-2: Foul Ball, location: 2F
1-2: Ball
2-2: Strikes out swinging
Top of the 7th over - 0 runs, 1 hit, 0 errors, 1 left on base; Fort Myers 4 - Richmond 1
BOTTOM OF THE 7TH
Richmond Flying Squirrels batting - Pitching for Fort Myers Miracle : LHP Bryce Alexander
Batting: LHB John Luke 0-0: Ball
1-0: Foul Ball, location: 2F
1-1: Foul Ball, location: 2F
1-2: Fly out, F9 (Flyball, 9LM, EV 84.4 MPH)
Batting: SHB Louie Horne 0-0: Fly out, F8 (Flyball, 8LD, EV 93.8 MPH)
Batting: RHB Allen Gravel 0-0: Called Strike
0-1: Ball
1-1: Ball
2-1: Fly out, F8 (Flyball, 89M, EV 96.2 MPH)
Bottom of the 7th over - 0 runs, 0 hits, 0 errors, 0 left on base; Fort Myers 4 - Richmond 1
TOP OF THE 8TH
Fort Myers Miracle batting - Pitching for Richmond Flying Squirrels : RHP Javy Arias
Batting: RHB Mike Berzins 0-0: Called Strike
0-1: Swinging Strike
0-2: Ball
1-2: Foul Ball, location: 2F
1-2: Ball
2-2: Foul Ball, location: 2F
2-2: Strikes out swinging
Batting: RHB Hisao Takei 0-0: Ball
1-0: Ball
2-0: Called Strike
2-1: Swinging Strike
2-2: Foul Ball, location: 2F
2-2: Ball
3-2: Foul Ball, location: 2F
3-2: Base on Balls
Batting: RHB Calvin Day 0-0: Foul Ball, location: 2F
0-1: SINGLE (Groundball, 56D, EV 96.9 MPH)
Hisao Takei to second
Batting: RHB Ned Scovell 0-0: Ball
1-0: Foul Ball, location: 2F
1-1: Ball
2-1: Foul Ball, location: 2F
2-2: SINGLE (Flyball, 89S, EV 85.0 MPH)
Hisao Takei to third
Calvin Day to second
Batting: RHB Fhil Mikrakin 0-0: Ball
1-0: Ball
2-0: Swinging Strike
2-1: Ball
3-1: Base on Balls
Hisao Takei scores
Calvin Day to third
Ned Scovell to second
Pitching: RHP Cory Fischer
Batting: RHB Settan Nakamura 0-0: Called Strike
0-1: DOUBLE (Flyball, 89XD, EV 95.6 MPH)
Calvin Day scores
Ned Scovell scores
Fhil Mikrakin to third
Runner from 3rd tries for Home, SAFE, no throw by RF
Batting: LHB Tomas Espino 0-0: Called Strike
0-1: Ball
1-1: 2-RUN HOME RUN (Flyball, 9D, EV 98.1 MPH), Distance : 357 ft
Batting: RHB Terry Oetker 0-0: Ball
1-0: SOLO HOME RUN (Flyball, 7D, EV 96.2 MPH), Distance : 376 ft
Batting: RHB Nestor Moreno 0-0: Ball
1-0: Ball
2-0: Foul Ball, location: 2F
2-1: Called Strike
2-2: Strikes out looking
Batting: RHB Mike Berzins 0-0: Called Strike
0-1: Ball
1-1: Fly out, F8 (Flyball, 8LM, EV 85.6 MPH)
Top of the 8th over - 7 runs, 5 hits, 0 errors, 0 left on base; Fort Myers 11 - Richmond 1
BOTTOM OF THE 8TH
Richmond Flying Squirrels batting - Pitching for Fort Myers Miracle : LHP Bryce Alexander
Batting: RHB Joe Myers 0-0: Ball
1-0: Ball
2-0: Ball
3-0: Called Strike
3-1: Base on Balls
Pitching: RHP Gregg Edwards
Batting: RHB Gary Sampson 0-0: Ball
1-0: Ball
2-0: Ball
3-0: Called Strike
3-1: Base on Balls
Joe Myers to second
Batting: LHB Jay Fenderson 0-0: Ball
1-0: Ball
2-0: 3-RUN HOME RUN (Line Drive, 89XD, EV 105.6 MPH), Distance : 410 ft
Batting: LHB Chris Morgan 0-0: Called Strike
0-1: Hit by Pitch
Batting: SHB Jason Anaya 0-0: Foul Ball, location: 2F
0-1: Fielders Choice at 2nd, 4-6 (Groundball, 4, EV 81.2 MPH)
Batting: RHB Jason Gregor 0-0: Ball
1-0: Ball
2-0: Called Strike
2-1: Ball
3-1: Called Strike
3-2: Ground out U3 (Groundball, 34S, EV 83.1 MPH)
Jason Anaya to second
Pinch Hitting: LHB Jason Hopkins 0-0: Ball
1-0: Foul Ball, location: 2F
1-1: Ball
2-1: Ball
3-1: Base on Balls
Batting: SHB Louie Horne 0-0: Ball
1-0: Swinging Strike
1-1: Ground out 4-3 (Groundball, 4, EV 81.2 MPH)
Bottom of the 8th over - 3 runs, 1 hit, 0 errors, 2 left on base; Fort Myers 11 - Richmond 4
TOP OF THE 9TH
Fort Myers Miracle batting - Pitching for Richmond Flying Squirrels : RHP Cory Fischer
Now in LF: Jason Hopkins
Pinch Hitting: SHB Victor Turrubiate 0-0: Foul Ball, location: 2F
0-1: Ball
1-1: Called Strike
1-2: DOUBLE (Line Drive, 78D, EV 110.6 MPH)
Batting: RHB Calvin Day 0-0: Called Strike
0-1: Foul Ball, location: 2F
0-2: Ball
1-2: Strikes out swinging
Batting: RHB Ned Scovell 0-0: Foul Ball, location: 2F
0-1: Ball
1-1: Ball
2-1: Called Strike
2-2: Strikes out swinging
Batting: RHB Fhil Mikrakin 0-0: Called Strike
0-1: Swinging Strike
0-2: Strikes out swinging
Top of the 9th over - 0 runs, 1 hit, 0 errors, 1 left on base; Fort Myers 11 - Richmond 4
BOTTOM OF THE 9TH
Richmond Flying Squirrels batting - Pitching for Fort Myers Miracle : RHP Gregg Edwards
Now at C: Justin Palko
Batting: RHB Allen Gravel 0-0: Foul Ball, location: 2F
0-1: Fly out, F9 (Flyball, 9S, EV 87.5 MPH)
Batting: RHB Joe Myers 0-0: Ball
1-0: Ground out 4-3 (Groundball, 4, EV 76.9 MPH)
Batting: RHB Gary Sampson 0-0: Swinging Strike
0-1: Ground out 2-3 (Groundball, 13S, EV 63.8 MPH)
Bottom of the 9th over - 0 runs, 0 hits, 0 errors, 0 left on base; Fort Myers 11 - Richmond 4
Tuesday, March 28th , 2023 - OOTP Baseball 23.10 Build 110